[ AOE2 MATCH · #506562469 ]
UnrankedSicilians vs Incas
Player's team · WIN
Rival team · LOSS
[ REPLAY ANALYSIS · EXTRACTED FROM THE RECORDED GAME ]
Feudal
8:27
Castle
23:03
Imperial
—
| APM avg | 81.0 |
| APM peak | 131 |
| eAPM avg | 43.2 |
| Villagers / military | 121 / 78 |
Focus
⚔️ 63.5% · 🌾 36.5%
Skirmisher ×42 · Knight ×13 · Archer ×12 · Serjeant ×7 · Monk ×3 · Mangonel ×1
Feudal
9:21
Castle
23:42
Imperial
—
| APM avg | 108.9 |
| APM peak | 158 |
| eAPM avg | 53.8 |
| Villagers / military | 109 / 57 |
Focus
⚔️ 57.4% · 🌾 42.6%
Skirmisher ×46 · Unknown (2550) ×7 · Archer ×5 · Monk ×4 · Mangonel ×2
Match map
Initial resources + every placement click. Lines = walls · curves = elevation contours. ◆ gold · ⬟ stone · ● berries · ✦ relic · ◌ wall gap
Your base· Open — unwalled flank
wR.Lucho's base· Open — unwalled flank
Smoothed initial terrain · ◌ = detected wall gap · hover for details
Inputs per minute
— SalzZ_wide - - wR.Lucho
Build order — SalzZ_wide
First 150 of 317 actions detected
| 0:00 | Create | Villager (Male) |
| 0:01 | Create | Villager (Male) |
| 0:01 | Create | Villager (Male) |
| 0:02 | Build | House |
| 0:03 | Build | House |
| 0:04 | Create | Villager (Male) |
| 1:28 | Create | Villager (Male) |
| 1:57 | Create | Villager (Male) |
| 2:14 | Create | Villager (Male) |
| 2:18 | Build | Lumber Camp |
| 2:45 | Create | Villager (Male) |
| 3:00 | Create | Villager (Male) |
| 3:12 | Create | Villager (Male) |
| 3:51 | Build | House |
| 3:52 | Build | House |
| 4:09 | Create | Villager (Male) |
| 4:10 | Create | Villager (Male) |
| 4:14 | Create | Villager (Male) |
| 4:48 | Build | Mining Camp |
| 4:56 | Create | Villager (Male) |
| 5:31 | Research | Loom |
| 6:17 | Research | Feudal Age |
| 6:17 | Research | Feudal Age |
| 6:51 | Build | Donjon |
| 6:56 | Build | House |
| 7:01 | Build | Palisade Wall |
| 7:06 | Create | Villager (Male) |
| 8:18 | Build | House |
| 8:27 | Age | Feudal Age |
| 8:29 | Create | Serjeant |
| 8:36 | Create | Villager (Male) |
| 8:41 | Create | Serjeant |
| 8:47 | Create | Villager (Male) |
| 8:55 | Build | Archery Range |
| 9:03 | Create | Villager (Male) |
| 9:06 | Research | Double-Bit Axe |
| 9:13 | Create | Serjeant |
| 9:29 | Create | Villager (Male) |
| 9:36 | Build | House |
| 9:51 | Create | Archer |
| 9:55 | Create | Villager (Male) |
| 10:12 | Build | Mill |
| 10:26 | Create | Villager (Male) |
| 10:35 | Create | Archer |
| 10:36 | Build | House |
| 10:44 | Create | Villager (Male) |
| 10:47 | Create | Archer |
| 11:19 | Create | Archer |
| 11:26 | Build | Farm |
| 11:27 | Build | Farm |
| 11:27 | Build | Farm |
| 11:30 | Create | Villager (Male) |
| 11:31 | Build | Farm |
| 11:40 | Create | Archer |
| 11:55 | Build | Farm |
| 12:10 | Build | House |
| 12:21 | Create | Villager (Male) |
| 12:40 | Create | Archer |
| 12:45 | Create | Villager (Male) |
| 12:46 | Create | Villager (Male) |
| 12:53 | Build | Blacksmith |
| 12:58 | Create | Archer |
| 13:16 | Create | Archer |
| 13:25 | Create | Villager (Male) |
| 13:32 | Build | House |
| 13:33 | Create | Serjeant |
| 13:33 | Create | Serjeant |
| 13:37 | Build | House |
| 13:42 | Create | Villager (Male) |
| 13:44 | Build | Farm |
| 13:48 | Research | Fletching |
| 13:48 | Research | Fletching |
| 14:03 | Build | House |
| 14:05 | Create | Villager (Male) |
| 14:05 | Create | Villager (Male) |
| 14:07 | Build | Farm |
| 14:33 | Create | Villager (Male) |
| 14:41 | Create | Villager (Male) |
| 14:57 | Create | Villager (Male) |
| 14:57 | Create | Archer |
| 15:01 | Build | Farm |
| 15:02 | Build | Farm |
| 15:04 | Create | Villager (Male) |
| 15:24 | Create | Archer |
| 15:27 | Create | Serjeant |
| 15:28 | Create | Serjeant |
| 15:33 | Create | Villager (Male) |
| 15:37 | Build | Lumber Camp |
| 15:46 | Create | Villager (Male) |
| 16:01 | Create | Villager (Male) |
| 16:12 | Create | Archer |
| 16:15 | Create | Skirmisher |
| 16:15 | Create | Villager (Male) |
| 16:19 | Build | Farm |
| 16:19 | Build | Farm |
| 16:27 | Create | Archer |
| 16:30 | Create | Skirmisher |
| 16:33 | Research | Horse Collar |
| 17:00 | Create | Villager (Male) |
| 17:07 | Create | Villager (Male) |
| 17:09 | Create | Skirmisher |
| 17:28 | Create | Skirmisher |
| 17:29 | Create | Villager (Male) |
| 17:29 | Create | Villager (Male) |
| 17:31 | Build | Farm |
| 17:33 | Build | Farm |
| 17:33 | Create | Villager (Male) |
| 17:35 | Build | Farm |
| 17:38 | Build | Farm |
| 17:38 | Build | Farm |
| 17:48 | Create | Villager (Male) |
| 17:50 | Create | Skirmisher |
| 17:53 | Create | Skirmisher |
| 18:07 | Research | Wheelbarrow |
| 18:09 | Create | Villager (Male) |
| 18:33 | Create | Villager (Male) |
| 18:34 | Create | Skirmisher |
| 18:37 | Create | Villager (Male) |
| 18:42 | Create | Villager (Male) |
| 18:46 | Create | Skirmisher |
| 19:01 | Build | Market |
| 19:19 | Create | Skirmisher |
| 19:32 | Create | Skirmisher |
| 19:36 | Create | Villager (Male) |
| 20:11 | Create | Skirmisher |
| 20:21 | Research | Castle Age |
| 20:22 | Build | House |
| 20:24 | Create | Skirmisher |
| 20:30 | Create | Villager (Male) |
| 20:32 | Build | House |
| 20:34 | Build | Palisade Gate |
| 20:39 | Build | House |
| 20:41 | Build | Lumber Camp |
| 20:44 | Create | Skirmisher |
| 20:54 | Create | Skirmisher |
| 20:55 | Build | House |
| 20:57 | Build | Palisade Wall |
| 20:58 | Create | Villager (Male) |
| 21:11 | Research | Padded Archer Armor |
| 21:34 | Create | Skirmisher |
| 21:36 | Create | Villager (Male) |
| 21:53 | Create | Skirmisher |
| 22:06 | Build | Stable |
| 22:11 | Create | Skirmisher |
| 22:31 | Create | Skirmisher |
| 22:38 | Build | Palisade Wall |
| 22:58 | Create | Villager (Male) |
| 23:03 | Age | Castle Age |
| 23:06 | Research | Elite Skirmisher (upgrade) |
| 23:07 | Research | Bodkin Arrow |
Build order — wR.Lucho
First 150 of 298 actions detected
| 0:00 | Create | Villager (Male) |
| 0:02 | Build | House |
| 0:14 | Create | Villager (Male) |
| 0:14 | Create | Villager (Male) |
| 0:14 | Create | Villager (Male) |
| 0:31 | Build | Barracks |
| 1:26 | Create | Unit 2550 |
| 1:45 | Create | Villager (Male) |
| 1:56 | Create | Unit 2550 |
| 2:09 | Create | Villager (Male) |
| 2:31 | Create | Villager (Male) |
| 2:31 | Create | Villager (Male) |
| 2:41 | Create | Unit 2550 |
| 2:41 | Create | Unit 2550 |
| 3:00 | Create | Villager (Male) |
| 3:00 | Create | Villager (Male) |
| 3:20 | Build | House |
| 3:22 | Create | Villager (Male) |
| 3:22 | Create | Villager (Male) |
| 3:46 | Create | Villager (Male) |
| 3:46 | Create | Villager (Male) |
| 4:14 | Create | Villager (Male) |
| 4:14 | Create | Villager (Male) |
| 4:14 | Create | Villager (Male) |
| 4:50 | Create | Villager (Male) |
| 5:17 | Create | Villager (Male) |
| 5:39 | Create | Villager (Male) |
| 5:55 | Build | Settlement |
| 6:17 | Create | Villager (Male) |
| 6:44 | Research | Loom |
| 7:11 | Research | Feudal Age |
| 7:11 | Research | Feudal Age |
| 7:39 | Build | Settlement |
| 7:41 | Create | Villager (Male) |
| 8:58 | Create | Unit 2550 |
| 9:18 | Build | Palisade Wall |
| 9:21 | Age | Feudal Age |
| 9:21 | Build | Palisade Wall |
| 9:23 | Research | Tech 1402 |
| 9:28 | Build | Archery Range |
| 9:32 | Build | Palisade Wall |
| 9:34 | Build | Palisade Wall |
| 9:34 | Build | Palisade Wall |
| 9:37 | Build | Palisade Wall |
| 9:38 | Build | Palisade Wall |
| 9:38 | Build | Palisade Wall |
| 9:38 | Build | Palisade Wall |
| 9:49 | Create | Villager (Male) |
| 10:06 | Create | Villager (Male) |
| 10:08 | Create | Villager (Male) |
| 10:15 | Create | Villager (Male) |
| 10:18 | Create | Villager (Male) |
| 10:24 | Create | Villager (Male) |
| 10:33 | Build | Farm |
| 10:35 | Create | Archer |
| 11:02 | Create | Villager (Male) |
| 11:05 | Create | Villager (Male) |
| 11:06 | Create | Archer |
| 11:10 | Create | Villager (Male) |
| 11:24 | Build | Farm |
| 11:39 | Create | Villager (Male) |
| 11:40 | Build | Farm |
| 12:01 | Research | Double-Bit Axe |
| 12:06 | Create | Skirmisher |
| 12:22 | Create | Villager (Male) |
| 12:28 | Create | Villager (Male) |
| 12:37 | Create | Skirmisher |
| 12:38 | Create | Villager (Male) |
| 12:40 | Build | Farm |
| 12:41 | Build | Farm |
| 12:43 | Build | House |
| 12:52 | Build | Palisade Wall |
| 12:54 | Build | Palisade Wall |
| 12:54 | Build | Palisade Wall |
| 12:56 | Create | Skirmisher |
| 13:25 | Create | Skirmisher |
| 13:32 | Create | Villager (Male) |
| 13:32 | Build | Farm |
| 13:34 | Build | Farm |
| 13:38 | Build | Palisade Wall |
| 13:44 | Create | Villager (Male) |
| 13:46 | Build | Farm |
| 13:48 | Create | Skirmisher |
| 14:24 | Create | Skirmisher |
| 14:40 | Create | Skirmisher |
| 14:47 | Create | Villager (Male) |
| 14:50 | Create | Skirmisher |
| 14:55 | Create | Villager (Male) |
| 14:59 | Create | Villager (Male) |
| 15:04 | Build | Blacksmith |
| 15:21 | Create | Skirmisher |
| 15:22 | Create | Villager (Male) |
| 15:28 | Build | Farm |
| 15:30 | Create | Skirmisher |
| 15:34 | Build | Palisade Wall |
| 15:53 | Research | Fletching |
| 15:57 | Create | Villager (Male) |
| 15:58 | Build | Farm |
| 16:10 | Create | Villager (Male) |
| 16:10 | Build | Farm |
| 16:25 | Build | Farm |
| 16:36 | Build | Farm |
| 16:45 | Build | Farm |
| 16:55 | Create | Archer |
| 17:09 | Build | Farm |
| 17:17 | Create | Villager (Male) |
| 17:18 | Create | Archer |
| 17:22 | Build | House |
| 17:26 | Create | Villager (Male) |
| 17:35 | Create | Villager (Male) |
| 17:40 | Build | Farm |
| 18:04 | Create | Archer |
| 18:06 | Create | Villager (Male) |
| 18:21 | Build | Watch Tower |
| 18:22 | Build | Palisade Wall |
| 18:30 | Create | Skirmisher |
| 18:36 | Research | Padded Archer Armor |
| 18:37 | Create | Skirmisher |
| 18:45 | Create | Villager (Male) |
| 18:50 | Build | Farm |
| 19:00 | Build | Farm |
| 19:01 | Build | Farm |
| 19:02 | Build | Farm |
| 19:04 | Create | Villager (Male) |
| 19:16 | Create | Skirmisher |
| 19:30 | Build | Archery Range |
| 19:46 | Create | Skirmisher |
| 19:47 | Create | Villager (Male) |
| 19:58 | Create | Villager (Male) |
| 20:04 | Create | Skirmisher |
| 20:06 | Create | Skirmisher |
| 20:07 | Create | Villager (Male) |
| 20:09 | Build | House |
| 20:10 | Build | House |
| 20:11 | Build | House |
| 20:18 | Create | Skirmisher |
| 20:52 | Build | Outpost |
| 21:01 | Research | Castle Age |
| 21:01 | Research | Castle Age |
| 21:08 | Create | Skirmisher |
| 21:08 | Create | Skirmisher |
| 21:15 | Research | Horse Collar |
| 21:15 | Research | Horse Collar |
| 21:21 | Create | Skirmisher |
| 21:29 | Create | Skirmisher |
| 21:44 | Create | Skirmisher |
| 21:51 | Create | Skirmisher |
| 21:56 | Create | Skirmisher |
| 22:00 | Research | Gold Mining |
| 22:09 | Research | Gold Mining |
Match timeline
| 0:31 | wR.Lucho · first_building Barracks |
| 6:51 | SalzZ_wide · first_building Donjon |
| 7:01 | SalzZ_wide · wall_segment Palisade Wall x1 |
| 8:27 | SalzZ_wide · age_up feudal |
| 8:55 | SalzZ_wide · first_building Archery Range |
| 9:18 | wR.Lucho · wall_segment Palisade Wall x1 |
| 9:21 | wR.Lucho · age_up feudal |
| 9:21 | wR.Lucho · wall_segment Palisade Wall x1 |
| 9:28 | wR.Lucho · first_building Archery Range |
| 9:32 | wR.Lucho · wall_segment Palisade Wall x1 |
| 9:34 | wR.Lucho · wall_segment Palisade Wall x1 |
| 9:34 | wR.Lucho · wall_segment Palisade Wall x1 |
| 9:37 | wR.Lucho · wall_segment Palisade Wall x1 |
| 9:38 | wR.Lucho · wall_segment Palisade Wall x1 |
| 9:38 | wR.Lucho · wall_segment Palisade Wall x1 |
| 9:38 | wR.Lucho · wall_segment Palisade Wall x1 |
| 12:52 | wR.Lucho · wall_segment Palisade Wall x1 |
| 12:54 | wR.Lucho · wall_segment Palisade Wall x1 |
| 12:54 | wR.Lucho · wall_segment Palisade Wall x1 |
| 13:38 | wR.Lucho · wall_segment Palisade Wall x1 |
| 15:34 | wR.Lucho · wall_segment Palisade Wall x8 |
| 18:22 | wR.Lucho · wall_segment Palisade Wall x1 |
| 20:20 | SalzZ_wide · first_market_buy 100 food |
| 20:57 | SalzZ_wide · wall_segment Palisade Wall x3 |
| 22:06 | SalzZ_wide · first_building Stable |
| 22:38 | SalzZ_wide · wall_segment Palisade Wall x2 |
| 22:51 | wR.Lucho · wall_segment Palisade Wall x1 |
| 23:03 | SalzZ_wide · age_up castle |
| 23:42 | wR.Lucho · age_up castle |
| 24:17 | wR.Lucho · wall_segment Palisade Wall x1 |
| 24:19 | wR.Lucho · wall_segment Palisade Wall x1 |
| 24:21 | wR.Lucho · wall_segment Palisade Wall x1 |
| 24:23 | wR.Lucho · wall_segment Palisade Wall x1 |
| 24:51 | wR.Lucho · wall_segment Palisade Wall x1 |
| 24:53 | wR.Lucho · wall_segment Palisade Wall x1 |
| 25:00 | SalzZ_wide · first_building Siege Workshop |
| 26:10 | wR.Lucho · wall_segment Palisade Wall x1 |
| 26:50 | wR.Lucho · first_building Monastery |
| 27:01 | SalzZ_wide · first_building Monastery |
| 29:51 | wR.Lucho · first_building Siege Workshop |
| 30:06 | wR.Lucho · first_market_buy 100 stone |
| 33:00 | SalzZ_wide · first_building Castle |
| 33:13 | SalzZ_wide · first_market_sell 500 wood |
| 33:47 | wR.Lucho · resign |
[ AI ANALYSIS · 1 CREDIT ]
What really happened in this match?
Wolo.gg analyzes every decision: build order, eco, micro, common mistakes by bracket. Personalized analysis on WhatsApp or Discord in 30 seconds.
Civ guide
Sicilians
Perfil
wide